AoeStats
← taj37taj

Four Lakes

508790956Analyzed
1v1 RM · 7d ago on Sep 24, 2026· 136m 49s· 2 players
Game mode
Random Map
Map size
Tiny (2 player)
Population
200
Speed
Normal
Resources
Standard
Victory
Conquest
Starting age
Dark Age
Ending age
Imperial Age
RankedLock teamsTeams togetherTeam positionsShared explorationLock speedFull tech treeHidden civsTurbo modeCheats
Victory
Defeat
🇦🇺 Portuguese · Australia
686
+17
🇧🇷 Bohemians · Brazil
701
-17
taj37taj
3:07 Loom
14:42 Feudal Age
15:29 Double-Bit Axe
16:14 Man-at-Arms
16:55 Scale Mail Armor
17:19 Town Watch
18:32 Forging
18:42 Fishing Lines
19:35 Arson
21:45 Wheelbarrow
24:33 Gold Mining
31:57 Castle Age
30:43 Fletching
30:54 Padded Archer Armor
30:59 Scale Barding Armor
32:36 Long Swordsman
33:01 Gambesons
33:09 Pikeman
35:45 Hand Cart
35:37 Herbal Medicine
36:31 Iron Casting
36:12 Chain Mail Armor
38:12 Town Patrol
39:38 Bow Saw
39:27 Bodkin Arrow
39:48 Leather Archer Armor
39:54 Chain Barding Armor
39:47 Stone Mining
41:43 Gillnets
41:49 Gillnets
44:42 Imperial Age
44:39 Treadmill Crane
45:20 Ballistics
45:11 Masonry
44:56 Murder Holes
46:24 Blast Furnace
45:57 Plate Mail Armor
45:30 Bracer
46:01 Ring Archer Armor
46:06 Plate Barding Armor
46:05 Thumb Ring
45:20 Elite Skirmisher
45:28 Crossbowman
45:41 Two-Handed Swordsman
45:59 Halberdier
47:02 Bloodlines
47:02 Husbandry
46:36 Light Cavalry
49:21 Chemistry
48:52 Architecture
49:32 Siege Engineers
49:52 Conscription
51:11 Stone Shaft Mining
50:07 Champion
51:04 Arbalester
53:29 Two-Man Saw
51:53 Cavalier
52:35 Sappers
53:22 Circumnavigation
76:41 Onager
77:28 Arquebus
76:49 Elite Organ Gun
77:01 Spies/Treason
81:28 Bombard Tower
82:18 Atonement
88:31 Elite Caravel
89:26 Medium Warships
88:37 Elite Cannon Galleon
94:16 Siphons
94:24 Careening
94:28 Clinker Construction
94:11 Guard Tower
94:24 Heated Shot
94:48 Fortified Wall
99:46 Heavy Warships
100:07 Dry Dock
100:10 Carvel Hull
100:28 Keep
101:20 Capped Ram
marcosjesse
0:38 Loom
13:18 Feudal Age
31:34 Castle Age
34:59 Double-Bit Axe
36:49 Bow Saw
38:13 Chemistry
41:27 Imperial Age
40:47 Ballistics
43:03 Wheelbarrow
43:21 Elite Cannon Galleon
47:11 Two-Man Saw
49:45 Padded Archer Armor
49:35 Fletching
49:56 Forging
49:46 Scale Mail Armor
49:52 Scale Barding Armor
50:20 Bombard Tower
51:51 Clinker Construction
51:59 Careening
65:20 Siphons
65:51 Illumination
65:22 Herbal Medicine
66:02 Theocracy
65:28 Devotion
65:49 Heresy
65:49 Sanctity
65:40 Fervor
65:46 Block Printing
65:32 Atonement
Connection lost

Rejoining the realm…

Still unreachable

The connection could not be restored.

Session expired

The server has moved on; the page needs a fresh start.